[Event "Titled Tuesday Blitz March 14 Early 2023"]
[White "Vallejo Pons, Francisco"]
[Black "Yu, Yangyi"]
[WhiteFideId "2205530"]
[BlackFideId "8603820"]
[WhiteElo "2589"]
[BlackElo "2783"]
[Result "0-1"]
[Round "05"]
[TimeControl "180+2"]
[Date "2023.03.14"]
[WhiteClock "0:00:01"]
[BlackClock "0:00:11"]

1. e4 d6 2. d4 Nf6 3. f3 g6 4. Be3 Bg7 5. Qd2 O-O 6. Ne2 c5 7. Nbc3 cxd4 8. Nxd4 Nc6 9. O-O-O d5 10. exd5 Nxd5 11. Nxc6 bxc6 12. Bd4 e5 13. Bc5 Be6 14. Ne4 Re8 15. h4 h6 16. g4 Qc7 17. Bc4 Rad8 18. Qf2 Nf4 19. Bxe6 Nxe6 20. g5 h5 21. Rxd8 Rxd8 22. Rd1 Rd5 23. Bxa7 Qa5 24. a3 Nd4 25. Bxd4 exd4 26. Qe2 Qc7 27. Kb1 Qf4 28. Rh1 Be5 29. Qd3 Kg7 30. b3 Rd8 31. a4 Bc7 32. Ka2 Ba5 33. Rh3 Qc1 34. f4 Qxf4 35. Qf3 Qc1 36. Qf6+ Kg8 37. Qf2 Bc3 38. Nxc3 dxc3 0-1


[Site "https://www.chess.com"]

[Event "Titled Tuesday Blitz March 14 Early 2023"]
[White "Talibov, Shiroghlan"]
[Black "Bluebaum, Matthias"]
[WhiteFideId "13429078"]
[BlackFideId "24651516"]
[WhiteElo "2218"]
[BlackElo "2638"]
[Result "0-1"]
[Round "05"]
[TimeControl "180+2"]
[Date "2023.03.14"]
[WhiteClock "0:00:02"]
[BlackClock "0:00:29"]

1. e4 e6 2. d4 d5 3. e5 c5 4. c3 Nc6 5. Nf3 Nge7 6. a3 Nf5 7. b4 cxd4 8. cxd4 Bd7 9. Nc3 Rc8 10. Bb2 Be7 11. Be2 O-O 12. O-O f6 13. exf6 Bxf6 14. Bd3 Ncxd4 15. Nxd4 Bxd4 16. Bxf5 Bxc3 17. Bxc3 Rxc3 18. Qd2 Qf6 19. Bd3 Rfc8 20. Rfe1 h6 21. h3 a6 22. a4 Rb3 23. b5 axb5 24. axb5 Bxb5 25. Bxb5 Rxb5 26. Qe2 Rb6 27. Rab1 Rcc6 28. Ra1 Ra6 29. Rab1 Rab6 30. Ra1 Rb2 31. Ra8+ Kh7 32. Qd3+ Qf5 33. Qg3 Rc3 34. Re3 d4 35. Rxc3 dxc3 36. Rc8 c2 37. Kh2 b5 38. Qb8 Rb1 39. Rh8+ Kg6 40. Qe8+ Qf7 41. Qc6 Qf4+ 42. g3 Qxf2+ 0-1


[Site "https://www.chess.com"]

[Event "Titled Tuesday Blitz March 14 Early 2023"]
[White "Caruana, Fabiano"]
[Black "Albornoz Cabrera, Carlos Daniel"]
[WhiteFideId "2020009"]
[BlackFideId "3518736"]
[WhiteElo "2818"]
[BlackElo "2501"]
[Result "1-0"]
[Round "05"]
[TimeControl "180+2"]
[Date "2023.03.14"]
[WhiteClock "0:01:02"]
[BlackClock "0:00:05"]

1. d4 Nf6 2. Nf3 d5 3. c4 e6 4. Nc3 Bb4 5. Bg5 dxc4 6. a3 Bxc3+ 7. bxc3 b5 8. Qb1 Qd5 9. Bxf6 gxf6 10. e4 Qc6 11. Be2 Bb7 12. O-O a6 13. d5 Qc5 14. Nd4 exd5 15. exd5 Nd7 16. a4 Ne5 17. f4 Nd3 18. axb5 axb5 19. Rxa8+ Bxa8 20. Qxb5+ Qxb5 21. Nxb5 Kd7 22. Bg4+ Kd8 23. d6 cxd6 24. Nxd6 Bd5 25. Bf3 Bxf3 26. Nxf7+ Ke7 27. Nxh8 Be2 28. Ra1 Nxf4 29. Ra7+ Ke6 30. Nf7 Bd3 31. Nd8+ Kd5 32. Kf2 Ne2 33. Ra3 Kd6 34. g3 Kd5 35. Ke3 Ke5 36. Nc6+ Kd5 37. Nb4+ Ke5 38. Nxd3+ cxd3 39. Kxd3 1-0


[Site "https://www.chess.com"]

[Event "Titled Tuesday Blitz March 14 Early 2023"]
[White "Real_OceanStorm"]
[Black "Xiong, Jeffery"]
[BlackFideId "2047640"]
[WhiteElo "2809"]
[BlackElo "2726"]
[Result "1-0"]
[Round "05"]
[TimeControl "180+2"]
[Date "2023.03.14"]
[WhiteClock "0:00:21"]
[BlackClock "0:00:56"]

1. e4 e6 2. d4 d5 3. e5 c5 4. c3 Nc6 5. Nf3 Qb6 6. Be2 Bd7 7. O-O f6 8. dxc5 Bxc5 9. b4 Be7 10. Bf4 Nh6 11. exf6 Bxf6 12. Qd2 Nf7 13. a4 a5 14. Be3 Qc7 15. b5 Ne7 16. Bd4 e5 17. Be3 h6 18. Na3 O-O 19. b6 Qd8 20. Nb5 Bc6 21. Nc7 Rc8 22. Ne6 Qd7 23. Nxf8 Rxf8 24. Ne1 Nd6 25. Nd3 Nc4 26. Qc1 Qd6 27. Bc5 Qe6 28. Bxe7 Bxe7 29. Qc2 e4 30. Nc1 Nxb6 31. Nb3 Bxa4 32. Nd4 Bxc2 33. Nxe6 Rc8 34. Rxa5 Rxc3 35. Ra7 Bf6 36. Rxb7 Na4 37. Rb8+ Kf7 38. Nf4 Rc5 39. Rb7+ Kg8 40. Bh5 e3 41. Bf7+ Kh7 42. fxe3 Nc3 43. Be8 d4 44. Ne6 dxe3 45. Rxf6 1-0


[Site "https://www.chess.com"]

[Event "Titled Tuesday Blitz March 14 Early 2023"]
[White "Molina, Roberto Junio Brito"]
[Black "Dubov, Daniil"]
[WhiteFideId "2109450"]
[BlackFideId "24126055"]
[WhiteElo "2376"]
[BlackElo "2802"]
[Result "0-1"]
[Round "05"]
[TimeControl "180+2"]
[Date "2023.03.14"]
[WhiteClock "0:00:10"]
[BlackClock "0:00:07"]

1. d4 Nf6 2. c4 c5 3. d5 e6 4. Nc3 exd5 5. cxd5 d6 6. e4 g6 7. h3 Bg7 8. Nf3 O-O 9. Bd3 b5 10. Bxb5 Nxe4 11. Nxe4 Qa5+ 12. Nfd2 Qxb5 13. Nxd6 Qa6 14. N2c4 Nd7 15. O-O Ne5 16. Nxc8 Nxc4 17. Ne7+ Kh8 18. Qc2 Rad8 19. Rd1 Rd7 20. Nc6 Nb6 21. Qxc5 Rc8 22. Be3 Na4 23. Qa3 Bf8 24. Qb3 Rb7 25. Bd4+ Kg8 26. Qf3 Bg7 27. Bxg7 Kxg7 28. b3 Nb6 29. d6 Nd7 30. Ne7 Rc2 31. Rac1 Rxc1 32. Rxc1 Rb6 33. Qc3+ f6 34. Nc8 Rb7 35. a4 Ne5 36. Rc2 Rd7 37. f4 Nf7 38. Qc6 Qd3 39. Qxd7 Qxc2 40. Ne7 Qc1+ 41. Kf2 Qxf4+ 42. Ke2 Qe4+ 43. Kd2 Qxg2+ 44. Kc3 Qg3+ 45. Kb4 Qxd6+ 46. Qxd6 Nxd6 47. Nc6 Nc8 48. Kb5 f5 49. Ka6 f4 50. Nd4 Kf6 51. Kb7 Nd6+ 52. Kxa7 Ke5 53. Nf3+ Ke4 54. Ng1 Kd3 55. b4 Kc4 56. b5 Nxb5+ 57. axb5 Kxb5 58. Kb7 Kc5 59. Kc7 Kd4 60. Kd7 Ke3 61. Ke6 Kf2 62. Ke5 g5 0-1


[Site "https://www.chess.com"]

[Event "Titled Tuesday Blitz March 14 Early 2023"]
[White "Le, Tuan Minh"]
[Black "Narayanan, Srinath"]
[WhiteFideId "12401153"]
[BlackFideId "5018420"]
[WhiteElo "2558"]
[BlackElo "2438"]
[Result "1-0"]
[Round "05"]
[TimeControl "180+2"]
[Date "2023.03.14"]
[WhiteClock "0:00:03"]
[BlackClock "0:00:18"]

1. d4 d5 2. Nf3 Nf6 3. Bg5 Ne4 4. Bf4 c5 5. c3 Nc6 6. e3 Qb6 7. Nbd2 Qxb2 8. Nxe4 dxe4 9. Nd2 cxd4 10. cxd4 e5 11. Rb1 Qxa2 12. Bc4 Qa5 13. Rb5 Qc3 14. Bxe5 Bb4 15. O-O O-O 16. Bxg7 Kxg7 17. Qh5 f5 18. g4 a6 19. gxf5 axb5 20. Kh1 bxc4 21. Rg1+ Kh8 22. Qg5 1-0


[Site "https://www.chess.com"]

[Event "Titled Tuesday Blitz March 14 Early 2023"]
[White "Shimanov, Aleksandr"]
[Black "Galchenko, Matvey"]
[WhiteFideId "4198603"]
[BlackFideId "24175480"]
[WhiteElo "2631"]
[BlackElo "2404"]
[Result "0-1"]
[Round "05"]
[TimeControl "180+2"]
[Date "2023.03.14"]
[WhiteClock "0:00:02"]
[BlackClock "0:00:10"]

1. e4 e6 2. c4 d5 3. cxd5 exd5 4. Qb3 dxe4 5. Bc4 Qd7 6. d3 exd3 7. Nf3 Bd6 8. O-O Nc6 9. Re1+ Kf8 10. Bd2 Nf6 11. Na3 a6 12. Rac1 h6 13. h3 b5 14. Nxb5 axb5 15. Bxb5 Bb7 16. Qc4 Na5 17. Bxa5 Qf5 18. Bxc7 Bxc7 19. Qb4+ Kg8 20. Rxc7 Bxf3 21. gxf3 Nd5 22. Qc5 Qg6+ 23. Kh1 Nxc7 24. Qxc7 Qf5 25. Bc6 Rf8 26. Be4 d2 27. Rd1 Qxh3+ 28. Kg1 Qh4 29. Qd6 Qg5+ 30. Kf1 Rd8 31. Qc7 h5 32. f4 Qf6 33. Qe5 h4 34. Qxf6 gxf6 35. Ke2 h3 36. a4 Rh5 37. b4 h2 38. a5 Re8 39. Kd3 Rxe4 40. Kxe4 h1=Q+ 0-1


[Site "https://www.chess.com"]

[Event "Titled Tuesday Blitz March 14 Early 2023"]
[White "Costachi, Mihnea"]
[Black "Van Foreest, Jorden"]
[WhiteFideId "1217518"]
[BlackFideId "1039784"]
[WhiteElo "2456"]
[BlackElo "2633"]
[Result "1-0"]
[Round "05"]
[TimeControl "180+2"]
[Date "2023.03.14"]
[WhiteClock "0:00:07"]
[BlackClock "0:01:02"]

1. d4 Nf6 2. c4 e6 3. Nf3 Bb4+ 4. Bd2 Be7 5. Nc3 O-O 6. e4 d5 7. e5 Ne4 8. cxd5 exd5 9. Bd3 Nxd2 10. Qxd2 c5 11. dxc5 Nc6 12. Nxd5 Bxc5 13. Bxh7+ Kxh7 14. Qc2+ Kg8 15. Qxc5 Bg4 16. Rd1 Re8 17. Ne3 Qc8 18. Nxg4 Qxg4 19. O-O Rac8 20. Qe3 Qe6 21. b3 Nxe5 22. Nxe5 Qxe5 23. Qxa7 b5 24. Qd4 Rc2 25. Qxe5 Rxe5 26. Ra1 b4 27. a3 bxa3 28. Rxa3 Rb2 29. Ra8+ Kh7 30. Rb8 Ree2 31. h3 f6 32. g3 Red2 33. Kg2 Rd3 34. b4 Rdd2 35. h4 Rdc2 36. Rb5 Kg6 37. g4 Rc4 38. h5+ Kh7 39. Kg3 Rcxb4 40. Rxb4 Rxb4 41. Rc1 Kh6 42. Rc8 Kh7 43. Rc7 Rb3+ 44. f3 Ra3 45. Rb7 Rc3 46. Rb8 Ra3 47. Rb5 Rd3 48. Rf5 Ra3 49. Rd5 Rb3 50. Rd4 Ra3 51. Kf4 Rb3 52. Re4 Ra3 53. Re3 Ra4+ 54. Kf5 Ra5+ 55. Ke6 Ra6+ 56. Kf7 Ra7+ 57. Re7 Ra8 58. f4 Kh6 59. Re8 Ra7+ 60. Kg8 Ra4 61. Re7 Ra8+ 62. Kf7 Ra4 63. Kg8 Ra8+ 64. Kf7 Kh7 65. g5 fxg5 66. fxg5 Ra5 67. h6 Rxg5 68. hxg7 Rg1 69. Kf8 Rf1+ 70. Rf7 Rxf7+ 71. Kxf7 Kh6 72. g8=Q Kh5 73. Qg3 Kh6 74. Qh4# 1-0


[Site "https://www.chess.com"]

[Event "Titled Tuesday Blitz March 14 Early 2023"]
[White "EREBUNI91"]
[Black "Martinez Alcantara, Jose Eduardo"]
[BlackFideId "3805662"]
[WhiteElo "2761"]
[BlackElo "2712"]
[Result "0-1"]
[Round "05"]
[TimeControl "180+2"]
[Date "2023.03.14"]
[WhiteClock "0:00:24"]
[BlackClock "0:00:22"]

1. e4 c5 2. Nc3 a6 3. g3 Nc6 4. Bg2 g6 5. d3 Bg7 6. Nge2 d6 7. O-O e6 8. Be3 Nge7 9. Qd2 O-O 10. f4 Nd4 11. Rae1 Nec6 12. Nd1 Nxe2+ 13. Qxe2 f5 14. c3 Bd7 15. Nf2 Kh8 16. Kh1 Qa5 17. a3 Rae8 18. Qf3 Qd8 19. e5 Qc7 20. d4 cxd4 21. cxd4 d5 22. Rc1 b6 23. Rc2 Qb7 24. Rfc1 Rc8 25. Bf1 Na7 26. Qe2 Bb5 27. Nd3 Rc4 28. b3 Rxc2 29. Rxc2 Rc8 30. Rxc8+ Qxc8 31. a4 Bd7 32. Qd2 Bf8 33. Qc1 Qb7 34. Qc3 a5 35. Ne1 Bb4 36. Qc1 Kg8 37. Nc2 Be7 38. Kg1 Kf7 39. Bd3 b5 40. axb5 Bxb5 41. Qd2 Qa6 42. Ne1 Bb4 43. Qe2 Bxe1 44. Bxb5 Qxb5 45. Qxe1 Qxb3 46. Qxa5 Qxe3+ 47. Kg2 Nc6 48. Qa8 Qe2+ 49. Kh3 Ne7 50. Qh8 Qh5+ 51. Kg2 Ng8 52. Kg1 Qh6 53. Kg2 Qg7 54. Qxg7+ Kxg7 55. Kf2 Ne7 56. Ke2 Nc6 57. Kd3 h6 58. h3 g5 59. g4 fxg4 0-1


[Site "https://www.chess.com"]

[Event "Titled Tuesday Blitz March 14 Early 2023"]
[White "Steinberg, Nitzan"]
[Black "Deepan Chakkravarthy J."]
[WhiteFideId "2801795"]
[BlackFideId "5011132"]
[WhiteElo "2486"]
[BlackElo "2367"]
[Result "1-0"]
[Round "05"]
[TimeControl "180+2"]
[Date "2023.03.14"]
[WhiteClock "0:01:01"]
[BlackClock "0:00:14"]

1. Nf3 d5 2. g3 Nf6 3. Bg2 e6 4. O-O Be7 5. d3 O-O 6. Nbd2 c5 7. e4 Nc6 8. Re1 b5 9. e5 Nd7 10. Nf1 a5 11. h4 a4 12. a3 b4 13. N1h2 Nd4 14. Nxd4 cxd4 15. Qg4 Qb6 16. Bh6 g6 17. h5 b3 18. cxb3 axb3 19. Nf3 Bc5 20. Ng5 Ba6 21. Rad1 Be7 22. hxg6 hxg6 23. Qh4 Bxg5 24. Bxg5 Rfc8 25. Bf3 Rc2 26. Kg2 1-0


[Site "https://www.chess.com"]

[Event "Titled Tuesday Blitz March 14 Early 2023"]
[White "Makhnev, Denis"]
[Black "Cherniaiev, Tykhon"]
[WhiteFideId "13707647"]
[BlackFideId "14182360"]
[WhiteElo "2525"]
[BlackElo "2450"]
[Result "1/2-1/2"]
[Round "05"]
[TimeControl "180+2"]
[Date "2023.03.14"]
[WhiteClock "0:00:16"]
[BlackClock "0:00:09"]

1. d4 Nf6 2. c4 e6 3. Nf3 d5 4. Nc3 Be7 5. Bf4 O-O 6. e3 c5 7. dxc5 Bxc5 8. Qc2 Nc6 9. Rd1 Re8 10. Be2 e5 11. Bg5 d4 12. O-O Bg4 13. Nd5 Be7 14. Bxf6 Bxf6 15. Nxd4 Nxd4 16. exd4 Bxe2 17. Qxe2 exd4 18. Qg4 h6 19. a4 Qd6 20. Nxf6+ Qxf6 21. Qxd4 Qxd4 22. Rxd4 Re2 23. b3 Rb2 24. Rd3 Re8 25. Rf3 Re6 26. g3 Rf6 27. Re3 Rb6 28. Rd1 R6xb3 29. Rd8+ Kh7 30. Rxb3 Rxb3 31. Rd7 f6 32. a5 Ra3 33. Rxb7 Rxa5 34. Rc7 Ra1+ 35. Kg2 a5 36. Kf3 a4 37. Ra7 a3 38. h4 a2 39. h5 Rc1 40. Rxa2 Rxc4 41. Ra5 Rb4 42. g4 Rc4 43. Kg3 Rb4 44. f3 Rc4 45. Rf5 Rb4 46. Rf4 Rb3 47. Rc4 Ra3 48. Kf4 Rb3 49. Ke4 Ra3 50. Rc5 Rb3 51. f4 Rb4+ 52. Kf5 Rb6 53. Rd5 Rc6 54. Rd4 Rb6 55. Ke4 Ra6 56. Kd5 Rb6 57. Rc4 Ra6 58. Rb4 Kg8 59. Ke4 Kh7 60. Rb5 Ra4+ 61. Kf5 Ra6 62. Rc5 Rb6 63. Ra5 Rc6 64. Ra4 Rb6 65. Ke4 Kg8 66. Kd5 Kh7 67. Kc5 Re6 68. Rd4 Ra6 69. Kd5 Kg8 70. Re4 Kh7 71. Rb4 Kg8 72. Ke4 Kh7 73. Kf5 Rc6 74. Ra4 Rb6 75. Ra5 Rc6 76. g5 hxg5 77. fxg5 fxg5 78. Kxg5 Rc1 79. Rb5 Rg1+ 80. Kh4 Rh1+ 81. Kg4 Rg1+ 82. Kh4 Rh1+ 83. Kg4 Rg1+ 84. Kh4 1/2-1/2


[Site "https://www.chess.com"]

[Event "Titled Tuesday Blitz March 14 Early 2023"]
[White "Rustemov, Alexander"]
[Black "Aradhya, Garg"]
[WhiteFideId "4119002"]
[BlackFideId "25006746"]
[WhiteElo "2925"]
[BlackElo "2263"]
[Result "1-0"]
[Round "05"]
[TimeControl "180+2"]
[Date "2023.03.14"]
[WhiteClock "0:00:10"]
[BlackClock "0:00:08"]

1. d4 d5 2. c4 c6 3. Nc3 Nf6 4. e3 Bf5 5. cxd5 cxd5 6. Qb3 Nc6 7. Qxb7 Bd7 8. Qb3 Rb8 9. Qd1 e5 10. Nge2 Bd6 11. dxe5 Nxe5 12. Nf4 O-O 13. Be2 Bc6 14. O-O Nc4 15. b3 Be5 16. Qc2 Qa5 17. Ncxd5 Nxd5 18. Bxc4 Nxf4 19. exf4 Bxa1 20. Bd2 Qh5 21. Rxa1 Rbc8 22. Qd1 Qg6 23. Bf1 Rfd8 24. Qe1 Qe4 25. Be3 Rd7 26. h3 Re8 27. Qc3 Rd6 28. Qc4 Rg6 29. Qxe4 Bxe4 30. Rd1 a5 31. Rd4 Bc6 32. f5 Rf6 33. g4 h6 34. Bc4 Rc8 35. Kh2 Be8 36. Kg3 Rfc6 37. Kf4 R6c7 38. h4 a4 39. g5 axb3 40. axb3 hxg5+ 41. hxg5 Kf8 42. Kg4 f6 43. g6 Rd7 44. Re4 Re7 45. Be6 Bd7 46. b4 Bxe6 47. fxe6 Rb7 48. Bc5+ Ke8 49. Kf5 Rd8 50. Rh4 Rd5+ 51. Ke4 Re5+ 52. Kd4 Rxe6 53. Kd5 Kd7 54. f4 Re1 55. Rh7 Rd1+ 56. Ke4 Kc6 57. Bf8 Rdd7 58. Kf5 Kb5 59. Rxg7 Rxg7 60. Bxg7 Rxg7 61. Kxf6 Rg8 62. Kf7 Rc8 63. g7 Rc7+ 64. Kg6 Rc8 65. f5 Kc6 66. f6 1-0


[Site "https://www.chess.com"]

[Event "Titled Tuesday Blitz March 14 Early 2023"]
[White "Timofeev, Artyom"]
[Black "Schmakel, Sam"]
[WhiteFideId "4140419"]
[BlackFideId "2039311"]
[WhiteElo "2586"]
[BlackElo "2356"]
[Result "1-0"]
[Round "05"]
[TimeControl "180+2"]
[Date "2023.03.14"]
[WhiteClock "0:00:06"]
[BlackClock "0:00:02"]

1. e4 c5 2. Nf3 d6 3. d4 cxd4 4. Nxd4 Nf6 5. Nc3 e6 6. Be3 a6 7. Qf3 Nbd7 8. O-O-O Qc7 9. Qg3 h5 10. h4 Ng4 11. Bg5 b5 12. f3 Nge5 13. Kb1 Bb7 14. a3 Rc8 15. Be2 Nb6 16. Bc1 Nbc4 17. Bxc4 Nxc4 18. Rd3 Qb6 19. Rhd1 g6 20. Qh3 Be7 21. Bg5 Bxg5 22. hxg5 b4 23. axb4 Qxb4 24. Nb3 a5 25. Na2 Qb5 26. Nc3 Qb4 27. Na2 Qb6 28. Nc3 Bc6 29. Rxd6 Nxd6 30. Rxd6 Ke7 31. Qg3 Rhd8 32. Rxd8 Rxd8 33. Qe5 a4 34. Nc5 a3 35. b3 Qb8 36. Qf6+ Ke8 37. Nxe6 fxe6 38. Qxe6+ Kf8 39. Qf6+ Kg8 40. Qxg6+ Kf8 41. Qxc6 Qe5 42. Qh6+ Kg8 43. Qg6+ Kf8 44. Qc6 Qxg5 45. Nd5 Qe5 46. Qc5+ Kg7 47. Qxa3 h4 48. Qc1 Qg3 49. Ne3 1-0


[Site "https://www.chess.com"]

[Event "Titled Tuesday Blitz March 14 Early 2023"]
[White "Rohith Krishna S"]
[Black "Bachmann, Axel"]
[WhiteFideId "46617051"]
[BlackFideId "3700488"]
[WhiteElo "2270"]
[BlackElo "2605"]
[Result "0-1"]
[Round "05"]
[TimeControl "180+2"]
[Date "2023.03.14"]
[WhiteClock "0:01:28"]
[BlackClock "0:00:07"]

1. Nf3 Nf6 2. g3 d5 3. Bg2 Bf5 4. O-O Nbd7 5. d4 e6 6. c4 c6 7. Nc3 Be7 8. b3 O-O 9. Bb2 h6 10. Nd2 a5 11. e4 dxe4 12. Ndxe4 Nxe4 13. Nxe4 a4 14. d5 cxd5 15. cxd5 Nf6 16. d6 Nxe4 17. dxe7 Qxe7 18. Bxe4 Bxe4 19. Qd4 f5 20. Rac1 axb3 21. axb3 Rac8 22. Rfe1 Qf7 23. Qe5 Kh7 24. Bd4 Rg8 25. b4 Bd5 26. h4 Qg6 27. Qf4 Rc6 28. b5 Rxc1 29. Rxc1 Rf8 30. Rc7 Rf7 31. Rc8 Qh5 32. Rc1 Qe2 33. Kh2 Qxb5 34. Rc8 Qf1 0-1


[Site "https://www.chess.com"]

[Event "Titled Tuesday Blitz March 14 Early 2023"]
[White "Salinas Herrera, Pablo"]
[Black "Fernandez Guillen, Ernesto J."]
[WhiteFideId "3407128"]
[BlackFideId "3512428"]
[WhiteElo "2550"]
[BlackElo "2423"]
[Result "0-1"]
[Round "05"]
[TimeControl "180+2"]
[Date "2023.03.14"]
[WhiteClock "0:00:17"]
[BlackClock "0:00:40"]

1. d4 Nf6 2. Nf3 g6 3. Nbd2 d5 4. e3 Bg7 5. b4 O-O 6. c4 b6 7. Bb2 c5 8. dxc5 bxc5 9. bxc5 Qa5 10. cxd5 Nxd5 11. Bxg7 Kxg7 12. Rc1 Rd8 13. Qb3 Nc6 14. Qb2+ Kg8 15. Bc4 Rb8 16. Qa1 Nf6 17. Qc3 Qxc3 18. Rxc3 Rb2 19. Rd3 Rxd3 20. Bxd3 Nb4 21. Bc4 Ne4 22. a3 Nc2+ 23. Ke2 Nxa3 24. Rc1 Nxc4 25. Rxc4 Nxd2 0-1


[Site "https://www.chess.com"]

[Event "Titled Tuesday Blitz March 14 Early 2023"]
[White "Csonka, Balazs"]
[Black "Zhigalko, Sergei"]
[WhiteFideId "742910"]
[BlackFideId "13502956"]
[WhiteElo "2404"]
[BlackElo "2626"]
[Result "1/2-1/2"]
[Round "05"]
[TimeControl "180+2"]
[Date "2023.03.14"]
[WhiteClock "0:00:43"]
[BlackClock "0:00:11"]

1. d4 Nf6 2. c4 e6 3. g3 c5 4. Nf3 cxd4 5. Nxd4 Qc7 6. Nc3 a6 7. Bg2 Qxc4 8. Bf4 Nc6 9. Nb3 d5 10. Rc1 Qb4 11. O-O Be7 12. a3 Qb6 13. e4 Nxe4 14. Nxe4 dxe4 15. Bxe4 O-O 16. Qc2 h6 17. Rfd1 Rd8 18. Rxd8+ Qxd8 19. Bxc6 bxc6 20. Qxc6 Bd7 21. Qb7 Ba4 22. Na5 Bf6 23. Nc6 Bxc6 24. Rxc6 Qd1+ 25. Kg2 Qd5+ 26. Kg1 Qd1+ 27. Kg2 Qd5+ 28. Kg1 Qd1+ 1/2-1/2


[Site "https://www.chess.com"]

[Event "Titled Tuesday Blitz March 14 Early 2023"]
[White "Ozates, Tuna"]
[Black "Ozen, Bahadir"]
[WhiteFideId "6354521"]
[BlackFideId "6337058"]
[WhiteElo "2151"]
[BlackElo "2503"]
[Result "0-1"]
[Round "05"]
[TimeControl "180+2"]
[Date "2023.03.14"]
[WhiteClock "0:00:15"]
[BlackClock "0:00:25"]

1. e4 e5 2. Nf3 Nc6 3. Bc4 Bc5 4. c3 Nf6 5. d3 d6 6. Bb3 O-O 7. Nbd2 a5 8. h3 Be6 9. a4 Bxb3 10. Nxb3 Bb6 11. O-O h6 12. Re1 Re8 13. Nbd2 d5 14. Qe2 Qd7 15. Nh4 Rad8 16. exd5 Nxd5 17. Nc4 Ba7 18. Qf3 Nde7 19. Rd1 g5 20. Qg3 f6 21. Be3 Kh7 22. Bxa7 gxh4 23. Qxh4 Nxa7 24. Qxf6 Ng6 25. Qf3 Nc6 26. Re1 Rf8 27. Qh5 Qf5 28. Qxf5 Rxf5 29. Ne3 Rf7 30. b4 axb4 31. cxb4 Nxb4 32. Reb1 c5 33. a5 Rxd3 34. Rc1 Rc7 35. Rab1 Rdd7 36. Nc4 Nd3 37. Rc3 Ngf4 38. Kf1 e4 39. Nb6 Nd5 40. Rc4 Nxb6 41. axb6 Rc6 42. Rxe4 c4 0-1


[Site "https://www.chess.com"]

[Event "Titled Tuesday Blitz March 14 Early 2023"]
[White "Al-Tarboush, Ward"]
[Black "Vakhlamov, Igor L."]
[WhiteFideId "7601450"]
[BlackFideId "24126748"]
[WhiteElo "2257"]
[BlackElo "2400"]
[Result "0-1"]
[Round "05"]
[TimeControl "180+2"]
[Date "2023.03.14"]
[WhiteClock "0:00:01"]
[BlackClock "0:00:04"]

1. e4 c5 2. Nf3 e6 3. d4 cxd4 4. Nxd4 Nf6 5. Nc3 Nc6 6. Bf4 Bc5 7. Ndb5 O-O 8. e5 Ne8 9. Bd3 a6 10. Ne4 Bxf2+ 11. Nxf2 axb5 12. Qh5 f5 13. O-O Nc7 14. Rae1 Qe8 15. Qh4 b6 16. Re3 Nd5 17. Rh3 Nxf4 18. Qxf4 b4 19. Ng4 Ba6 20. Qg5 Qg6 21. Qh4 Bxd3 22. Nf6+ Rxf6 23. exf6 Bxf1 24. Rg3 Ne5 25. Rxg6 Nxg6 26. Qxb4 Ba6 27. fxg7 Bb7 28. Qxb6 Be4 29. Qb3 Kxg7 30. a4 Kf7 31. c4 Bc6 32. Qh3 Rxa4 33. Qxh7+ Kf6 34. b3 Ra2 35. Qh6 Rxg2+ 36. Kf1 Rg4 37. Qe3 Nf4 38. Qd4+ Kf7 39. Qh8 Rg7 40. b4 Be4 41. b5 Bd3+ 42. Kf2 Bxc4 43. b6 Bd5 44. Ke3 Ng6 45. Qd8 Nf8 46. Kd4 Rg4+ 47. Kc3 Bc6 0-1


[Site "https://www.chess.com"]

[Event "Titled Tuesday Blitz March 14 Early 2023"]
[White "Madaminov, Mukhiddin"]
[Black "Kalashian, David"]
[WhiteFideId "14210703"]
[BlackFideId "13302418"]
[WhiteElo "2511"]
[BlackElo "2490"]
[Result "1-0"]
[Round "05"]
[TimeControl "180+2"]
[Date "2023.03.14"]
[WhiteClock "0:00:10"]
[BlackClock "0:00:05"]

1. d4 Nf6 2. Nc3 d5 3. Bf4 c6 4. e3 g6 5. h4 h5 6. Nf3 Bg4 7. Qd2 Bxf3 8. gxf3 e6 9. O-O-O Bd6 10. Bg5 Be7 11. e4 Nbd7 12. Kb1 Qc7 13. Bh3 Nb6 14. b3 Nbd7 15. Rhe1 O-O-O 16. Bf4 Qb6 17. Re3 Rhe8 18. Qe2 Qa6 19. Qxa6 bxa6 20. Bg3 Nb6 21. Ne2 Kb7 22. c3 Ng8 23. Nf4 Bd6 24. Nd3 Bf8 25. Kc2 Nd7 26. c4 Bg7 27. exd5 cxd5 28. cxd5 Bxd4 29. Re4 e5 30. Bxd7 Rxd7 31. Rxd4 exd4 32. Nc5+ Kc8 33. Nxd7 Kxd7 34. Rxd4 Nf6 35. Kd2 Rc8 36. Be5 Ng8 37. Rc4 Ne7 38. d6 Rxc4 39. bxc4 Nf5 40. Bg3 Nxd6 41. Bxd6 Kxd6 42. Kd3 g5 43. hxg5 h4 44. Ke2 Kc5 45. f4 Kxc4 46. f5 Kd5 47. f4 Kd6 48. Kf3 Ke7 49. Kg4 a5 50. Kxh4 a4 51. Kh5 1-0


[Site "https://www.chess.com"]

[Event "Titled Tuesday Blitz March 14 Early 2023"]
[White "Turgut, Aydin"]
[Black "Aditya Mittal"]
[WhiteFideId "2078791"]
[BlackFideId "35042025"]
[WhiteElo "2259"]
[BlackElo "2396"]
[Result "0-1"]
[Round "05"]
[TimeControl "180+2"]
[Date "2023.03.14"]
[WhiteClock "0:00:01"]
[BlackClock "0:00:09"]

1. e4 e5 2. Nf3 Nc6 3. Bc4 Nf6 4. d3 d5 5. exd5 Nxd5 6. O-O Be7 7. Re1 f6 8. h3 Be6 9. d4 Ne3 10. Bxe3 Bxc4 11. Nbd2 Bf7 12. dxe5 fxe5 13. Qe2 O-O 14. Rad1 Qc8 15. Ne4 Qf5 16. Bg5 Bb4 17. c3 Ba5 18. Nh4 Qe6 19. b4 Bb6 20. a4 a5 21. b5 Ne7 22. c4 h6 23. Bxe7 Qxe7 24. c5 Bxc5 25. Nf5 Qe6 26. Qg4 Bxf2+ 27. Nxf2 g5 28. h4 Kh7 29. hxg5 h5 30. Qh3 Bg6 31. Ng3 Qb6 32. Rd2 Rad8 33. Rde2 Rd3 34. Qh4 Rd4 35. Nge4 Rxa4 36. Qg3 Rf4 37. Nf6+ Kg7 38. Rxe5 Bf7 39. Re7 h4 40. Qe3 Qxe3 41. R1xe3 Ra1+ 42. Re1 Rxe1+ 43. Rxe1 Kg6 44. N2e4 Rf5 45. Rc1 Rxb5 46. Rxc7 a4 47. Rc3 Rb1+ 48. Kf2 b5 49. Nc5 b4 50. Rf3 a3 51. Ng4 a2 52. Ne5+ Kxg5 53. Nxf7+ Kg6 54. Ne5+ Kg5 55. Nf7+ Kh5 56. Ne4 Rb2+ 57. Ke3 Rb3+ 58. Kf4 Rxf3+ 59. gxf3 a1=Q 60. Kf5 Qa5+ 61. Ne5 Kh6 62. Nf6 Kg7 63. f4 b3 64. Ke6 Qb6+ 65. Ke7 Qxf6+ 66. Kd7 b2 0-1


[Site "https://www.chess.com"]

[Event "Titled Tuesday Blitz March 14 Early 2023"]
[White "Urazayev, Arystanbek"]
[Black "Perez Rodriguez, Jennifer"]
[WhiteFideId "13709810"]
[BlackFideId "3507831"]
[WhiteElo "2479"]
[BlackElo "2170"]
[Result "1-0"]
[Round "05"]
[TimeControl "180+2"]
[Date "2023.03.14"]
[WhiteClock "0:01:42"]
[BlackClock "0:01:15"]

1. d4 d5 2. c4 c6 3. Nf3 Nf6 4. Qc2 e6 5. Nbd2 Nbd7 6. e4 dxe4 7. Nxe4 Nxe4 8. Qxe4 Nf6 9. Qc2 Bb4+ 10. Bd2 Bxd2+ 11. Qxd2 Ne4 12. Qb4 Qb6 13. a3 c5 14. Qxb6 axb6 15. Bd3 Nf6 16. Kd2 Bd7 17. b4 Bc6 18. dxc5 Bxf3 19. gxf3 bxc5 20. Kc3 cxb4+ 21. axb4 O-O 22. Be4 Nxe4+ 23. fxe4 e5 24. c5 Rfc8 25. Rxa8 Rxa8 26. Kc4 Kf8 27. Kb5 Ke7 28. Kb6 Ra4 29. Rb1 1-0


[Site "https://www.chess.com"]

[Event "Titled Tuesday Blitz March 14 Early 2023"]
[White "Skvortsov, Andrei"]
[Black "Firouzja, Alireza"]
[WhiteFideId "24108600"]
[BlackFideId "12573981"]
[WhiteElo "2259"]
[BlackElo "2904"]
[Result "0-1"]
[Round "05"]
[TimeControl "180+2"]
[Date "2023.03.14"]
[WhiteClock "0:00:24"]
[BlackClock "0:00:13"]

1. e4 e5 2. Nf3 Nc6 3. Nc3 Nf6 4. d4 exd4 5. Nxd4 Bb4 6. Nxc6 bxc6 7. Bd3 O-O 8. O-O Re8 9. Re1 d6 10. a3 Bc5 11. Be3 Bxe3 12. Rxe3 Ng4 13. Rg3 Qh4 14. h3 Ne5 15. Bf1 Rb8 16. b3 f5 17. exf5 Bxf5 18. Qd2 Bg6 19. Nd1 Rf8 20. Ne3 Kh8 21. Ng4 Rbe8 22. Re1 Nd7 23. Rxe8 Rxe8 24. Re3 Rf8 25. Bd3 Bxd3 26. Rxd3 Nc5 27. Re3 h5 28. Nh2 Ne4 29. Qe1 d5 30. Nf3 Qf6 31. c4 g5 32. Re2 g4 33. hxg4 hxg4 34. Nd2 Nc5 35. Re8 Rxe8 36. Qxe8+ Kg7 37. Qh5 Qf4 38. Nf1 Ne4 39. f3 Nf6 40. Qh4 dxc4 41. bxc4 Qxc4 42. Qg3 Qc5+ 43. Kh2 Kg6 44. fxg4 Qd4 45. Ne3 Qxe3 0-1


[Site "https://www.chess.com"]